 Dungeon Crawl Stone Soup version 0.16.2 (webtiles) character file.

6703 hannobal the Zephyrmancer (level 11, -21/56 HPs)
             Began as a Tengu Air Elementalist on Aug 5, 2015.
             Was a Priest of Ru.
             Demolished by a very large slime creature (56 damage)
             ... on level 10 of the Dungeon on Aug 12, 2015.
             The game lasted 01:17:15 (13088 turns).

hannobal the Zephyrmancer (Tengu Air Elementalist) Turns: 13088, Time: 01:17:15

Health: -21/56     AC:  7    Str: 13    XL:     11   Next: 3%
Magic:  19/26      EV: 13    Int: 22    God:    Ru [***...]
Gold:   413        SH:  0    Dex: 14    Spells: 4 memorised, 12 levels left

rFire  . . .     SeeInvis +     a - +9 mace "Demonslayer" {elec, Str+5 Int+4 Dex-2}
rCold  . . .     Clarity  .     Z - +1 leather armour {rPois}
rNeg   . . .     SustAb   .     (no shield)
rPois  +         Gourm    .     (helmet restricted)
rElec  .         Spirit   .     X - +2 cloak {+Inv}
rCorr  .         Warding  .     (no gloves)
rMut   .         Stasis   .     (boots unavailable)
MR     .....                    R - amulet of regeneration
Stlth  ..........               (no ring)
                                e - ring of see invisible

@: repel missiles, not resistant to hostile enchantments, extremely unstealthy
A: able to fly, beak, talons 3, no stealth, inability to train armour, unskilled
1
a: Fly, Draw Out Power, Renounce Religion, Evoke Invisibility


You were on level 10 of the Dungeon.
You worshipped Ru.
Ru was most pleased with you.
You were not hungry.

You visited 3 branches of the dungeon, and saw 12 of its levels.
You also visited: Ossuary.

You collected 413 gold pieces.

Inventory:

Hand weapons
 a - the +9 mace "Demonslayer" (weapon) {elec, Str+5 Int+4 Dex-2}
   (You found it on level 9 of the Dungeon)

   Occasionally, upon striking a foe, it will discharge some electrical energy
   and cause terrible harm.
   It affects your strength (+5).
   It affects your intelligence (+4).
   It affects your dexterity (-2).
 b - a +3 hand axe of venom
 w - a +0 blowgun
 L - a +0 dagger of protection
 U - a +2 whip of electrocution
Missiles
 d - 2 javelins of returning (quivered)
 k - 159 arrows
 m - 3 needles of frenzy
 v - 20 poisoned needles
 z - 4 tomahawks of returning
 A - 7 needles of slowing
 D - 7 tomahawks
 H - 177 stones
 K - 27 arrows of dispersal
 S - 12 arrows of frost
Armour
 u - a +0 buckler
 X - a +2 cloak of invisibility (worn)
 Z - a +1 leather armour of poison resistance (worn)
Magical staves
 M - an uncursed staff of earth
Jewellery
 e - a ring of see invisible (left hand)
 R - an amulet of regeneration (around neck)
 W - an uncursed amulet of rage
Magical devices
 l - a wand of frost (22)
 n - a wand of paralysis (8)
 C - a wand of slowing (6)
 E - a wand of disintegration (14)
 Q - a wand of teleportation (4)
 T - a wand of slowing (28)
 Y - a wand of digging (12)
Scrolls
 f - 3 scrolls of enchant armour
 i - 2 scrolls of fear
 j - a scroll of identify
 o - 4 scrolls of recharging
 r - 2 scrolls of remove curse
 s - a scroll of enchant weapon
 x - a scroll of fog
 y - 3 scrolls of magic mapping
 J - 3 scrolls of teleportation
 N - a scroll of holy word
Potions
 p - 3 potions of restore abilities
 q - a potion of invisibility
 t - 3 potions of curing
 F - a potion of heal wounds
 G - 2 potions of magic
 I - 2 potions of brilliance
 P - a potion of agility
Books
 B - a book of Air

   Spells                             Type                      Level
   a - Shock                          Conjuration/Air              1
   b - Swiftness                      Charms/Air                   2
   c - Repel Missiles                 Charms/Air                   2
   d - Flight                         Charms/Air                   3
   e - Static Discharge               Conjuration/Air              3
   f - Lightning Bolt                 Conjuration/Air              5
Comestibles
 c - 5 bread rations {@e1}
 h - 2 meat rations {@e2}
 V - 7 slices of pizza


   Skills:
 - Level 1.3 Fighting
 + Level 5.7 Maces & Flails
 - Level 4.5 Dodging
 - Level 6.0 Spellcasting
 - Level 11.0 Conjurations
 - Level 0.8 Charms
 - Level 11.1 Air Magic
 - Level 1.0 Evocations


You had 12 spell levels left.
You knew the following spells:

 Your Spells              Type           Power        Failure   Level  Hunger
l - Lightning Bolt        Conj/Air       ######....   3%          5    #####..
m - Repel Missiles        Chrm/Air       ####..       1%          2    None
s - Swiftness             Chrm/Air       ####....     1%          2    None
z - Shock                 Conj/Air       ####         1%          1    None


Dungeon Overview and Level Annotations

Branches:
Dungeon (10/15)            Temple (1/1) D:5            Lair (1/8) D:8
    Orc: D:9-12

Altars:
Ashenzari
Cheibriados
Dithmenos
Elyvilon
Fedhas
Gozag
Kikubaaqudgha
Makhleb
Nemelex Xobeh
Okawaru
Qazlal
Ru
Sif Muna
Trog
Vehumet
Xom
Yredelemnul
Zin
The Shining One

Annotations:
D:5 exclusion: oklob plant
D:7 electro eel vault, exclusion: 2 doors
Lair:1 7hydra!


Innate Abilities, Weirdness & Mutations

You can fly.
You have a beak for a mouth.
You have claws for feet.
You cannot be stealthy.
You cannot train Armour skill.
You are somewhat unskilled (-1 Apt).


Message History

Press: ? - help, Shift-Dir - straight line, f/p - slime creature
Aim: a slime creature (heavily wounded)
The zap hits the large slime creature.
The large slime creature is moderately wounded.
The zap hits the slime creature.
The slime creature is heavily wounded.
The large slime creature hits you!!
Casting: Shock
Confirm with . or Enter, or press ? or * to list all spells.
Aiming: Shock
Press: ? - help, Shift-Dir - straight line, f/p - slime creature
Aim: a slime creature (heavily wounded)
The zap hits the large slime creature.
The large slime creature is moderately wounded.
The zap hits the slime creature.
The slime creature is heavily wounded.
Two slime creatures merge to form a very large slime creature.
The very large slime creature hits you!!!
Ouch! That really hurt!
You die...

. .#
.# .#
.# .#
##.#
#..#
#@#
#J#
#.#
#.#
...
...
...
#....
...


You could see a very large slime creature.

Vanquished Creatures
  Pikel (D:9)
  The ghost of poirepourri the Skirmisher, an experienced HOFi of Beogh (D:6)
  Maurice (D:9)
  A yak (D:7)
  Eustachio (D:8)
  A human (D:7)
  A hungry ghost (D:8)
  Edmund (D:4)
  Menkaure (D:5)
  2 ice beasts
  2 sky beasts
  5 spiders (D:9)
  A porcupine (Lair:1)
  A slave (D:9)
  A black bear (Lair:1)
  A necrophage (D:7)
  4 orc warriors
  A phantom (D:9)
  3 centaurs
  2 ogres
  2 crocodiles
  Duvessa (D:4)
  6 giant frogs
  An elf zombie (Ossuary)
  A wyvern skeleton (D:6)
  A vampire bat (D:6)
  2 crimson imps
  3 centaur zombies
  Dowan (D:4)
  A giant frog zombie (D:6)
  7 hounds
  2 human zombies (Ossuary)
  A quasit (D:5)
  3 iguanas
  2 jellies
  A giant frog skeleton (D:6)
  A gnoll shaman (D:4)
  7 orc wizards
  2 centaur skeletons
  7 orc priests
  5 worker ants
  3 sheep (D:7)
  A hound skeleton (D:5)
  2 mummies (Ossuary)
  2 hound zombies (D:5)
  8 gnolls
  A river rat (Lair:1)
  9 adders
  2 giant mites
  2 adder skeletons
  An adder zombie (Ossuary)
  5 giant geckos
  4 oozes
  40 orcs
  13 bats
  3 bat skeletons
  3 bat zombies (D:6)
  4 giant cockroaches
  13 hobgoblins
  20 jackals
  18 kobolds
  5 quokkas
  A ball python (D:2)
  2 giant gecko skeletons
  5 giant newts
  15 goblins
  2 goblin skeletons (D:5)
  A goblin zombie (Ossuary)
  9 hobgoblin zombies
  A jackal zombie (Ossuary)
  4 kobold skeletons (D:5)
  9 kobold zombies (Ossuary)
  An orc skeleton (D:5)
  11 orc zombies
  A quokka skeleton (D:4)
  A quokka zombie (D:7)
  19 rats
  2 rat zombies (Ossuary)
332 creatures vanquished.

Vanquished Creatures (others)
  A hippogriff (D:8)
  A giant spore (D:7)
2 creatures vanquished.

Grand Total: 334 creatures vanquished

Notes
Turn   | Place    | Note
--------------------------------------------------------------
     0 | D:1      | hannobal, the Tengu Air Elementalist, began the quest for the Orb.
     0 | D:1      | Reached XP level 1. HP: 10/10 MP: 3/3
   452 | D:1      | Reached XP level 2. HP: 15/15 MP: 0/5
   456 | D:1      | Learned a level 2 spell: Swiftness
   459 | D:1      | Learned a level 2 spell: Repel Missiles
   967 | D:1      | Reached skill level 1 in Charms
  1007 | D:1      | Noticed a wasp
  1125 | D:1      | Upgraded the game from 0.16.1-51-g6203257 to 0.16.1-66-g04f09c5
  1216 | D:1      | Reached XP level 3. HP: 19/19 MP: 5/7
  1539 | D:2      | Found a sacrificial altar of Ru.
  1576 | D:2      | Became a worshipper of Ru the Awakened
  1844 | D:2      | Found an iron altar of Okawaru.
  2156 | D:2      | Reached XP level 4. HP: 24/24 MP: 6/9
  2872 | D:3      | Found a bloodstained altar of Trog.
  2988 | D:3      | Found a shadowy altar of Dithmenos.
  2990 | D:3      | Noticed a giant frog
  3002 | D:3      | Killed a giant frog
  3002 | D:3      | Reached XP level 5. HP: 7/28 MP: 3/15
  3088 | D:3      | Learned a level 5 spell: Lightning Bolt
  3692 | D:4      | Gained mutation: You cannot be stealthy. [Ru sacrifice]
  3771 | D:4      | Found a sand-covered staircase.
  3779 | Ossuary  | Entered an ossuary
  4092 | Ossuary  | Reached skill level 5 in Conjurations
  4092 | Ossuary  | Reached XP level 6. HP: 28/32 MP: 10/17
  4137 | Ossuary  | Reached skill level 6 in Conjurations
  4313 | Ossuary  | Reached skill level 5 in Air Magic
  4314 | Ossuary  | Reached XP level 7. HP: 28/36 MP: 4/18
  4493 | D:4      | Upgraded the game from 0.16.1-66-g04f09c5 to 0.16.2
  4544 | D:4      | Noticed Edmund
  4568 | D:4      | Killed Edmund
  4735 | D:4      | Noticed Duvessa
  4736 | D:4      | Noticed Dowan
  4761 | D:4      | Killed Duvessa
  4761 | D:4      | Reached skill level 7 in Air Magic
  5102 | D:4      | Killed Dowan
  5102 | D:4      | Reached skill level 1 in Fighting
  5614 | D:4      | Reached XP level 8. HP: 41/43 MP: 14/20
  5697 | D:5      | Entered Level 5 of the Dungeon
  5792 | D:5      | Found a staircase to the Ecumenical Temple.
  5811 | Temple   | Entered the Ecumenical Temple
  5995 | Temple   | Gained mutation: You cannot train Armour skill. [Ru sacrifice]
  5995 | Temple   | Acquired Ru's first power
  5995 | Temple   | Acquired Ru's second power
  6093 | D:5      | Found a radiant altar of Vehumet.
  6108 | D:5      | Reached skill level 8 in Conjurations
  6116 | D:5      | Found a stormy altar of Qazlal.
  6371 | D:5      | Reached skill level 1 in Evocations
  6387 | D:5      | Noticed Menkaure
  6394 | D:5      | Killed Menkaure
  6727 | D:5      | Found a glowing golden altar of the Shining One.
  6785 | D:5      | Reached skill level 9 in Air Magic
  6897 | D:5      | Found a blossoming altar of Fedhas.
  6909 | D:5      | Noticed an oklob plant
  7401 | D:6      | Found a burning altar of Makhleb.
  7404 | D:6      | Found a glowing silver altar of Zin.
  7405 | D:6      | Noticed poirepourri's ghost (experienced HOFi)
  7405 | D:6      | Noticed an angel
  7475 | D:6      | Killed poirepourri's ghost
  7475 | D:6      | Reached skill level 10 in Conjurations
  7475 | D:6      | Reached XP level 9. HP: 47/47 MP: 0/21
  7717 | D:6      | Noticed an Executioner
  7846 | D:6      | Reached skill level 5 in Spellcasting
  8356 | D:6      | Reached skill level 10 in Air Magic
  8495 | D:6      | Gained mutation: You are somewhat unskilled (-1 Apt). [Ru sacrifice]
  8495 | D:6      | Acquired Ru's third power
  8610 | D:6      | Reached skill level 5 in Spellcasting
  8823 | D:6      | Found an ancient bone altar of Kikubaaqudgha.
  8997 | D:7      | Reached skill level 10 in Conjurations
  9324 | D:7      | Reached skill level 10 in Air Magic
  9844 | D:7      | Reached skill level 11 in Air Magic
  9844 | D:7      | Reached XP level 10. HP: 27/52 MP: 13/24
 10575 | D:8      | Noticed Eustachio
 10579 | D:8      | Killed Eustachio
 10728 | D:8      | Found a staircase to the Lair.
 11793 | Lair:1   | Entered Level 1 of the Lair of Beasts
 11945 | Lair:1   | Noticed a seven-headed hydra
 12392 | D:9      | Got a scorched mace
 12393 | D:9      | Identified the +9 mace "Demonslayer" {elec, Str+5 Int+4 Dex-2} (You found it on level 9 of the Dungeon)
 12450 | D:9      | Reached skill level 1 in Maces & Flails
 12688 | D:9      | Noticed Pikel
 12689 | D:9      | Killed Pikel
 12726 | D:9      | Noticed Maurice
 12747 | D:9      | Killed Maurice
 12747 | D:9      | Reached skill level 5 in Maces & Flails
 12747 | D:9      | Reached XP level 11. HP: 56/56 MP: 0/26
 13083 | D:10     | Entered Level 10 of the Dungeon
 13088 | D:10     | Demolished by a very large slime creature

Action                   |  1- 3 |  4- 6 |  7- 9 | 10-12 || total
-------------------------+-------+-------+-------+-------++-------
Melee: Unarmed           |     3 |       |       |       ||     3
       Dagger            |    12 |       |     1 |     2 ||    15
       Falchion          |       |     3 |       |       ||     3
       Hand axe          |       |     6 |     9 |       ||    15
       Short sword       |       |       |       |     8 ||     8
       Mace              |       |       |       |     5 ||     5
Throw: Stone             |     2 |       |       |       ||     2
 Cast: Shock             |    74 |   150 |   375 |   198 ||   797
       Repel Missiles    |     2 |       |     2 |       ||     4
       Lightning Bolt    |       |       |    14 |    22 ||    36
Invok: Sacrifice Stealth |       |     1 |       |       ||     1
       Sacrifice Durabil |       |       |     1 |       ||     1
       Sacrifice Skill   |       |       |     1 |       ||     1
       Reject Sacrifices |       |       |       |     1 ||     1
 Abil: Fly               |       |     1 |     5 |     5 ||    11
Evoke: Wand              |       |       |     2 |       ||     2
  Use: Scroll            |     6 |     5 |    14 |     1 ||    26
       Potion            |     1 |     1 |     2 |       ||     4
  Eat: Chunk             |     5 |     6 |    14 |    13 ||    38
       Bread ration      |       |     1 |       |       ||     1
       Fruit             |       |       |     5 |       ||     5
       Pizza             |       |       |     2 |     1 ||     3
       Beef jerky        |       |       |       |     2 ||     2
       Royal jelly       |       |       |       |     1 ||     1
